 Seeded DCSS version 0.28.0-53-g5a82cb258f (webtiles) character file.

Game seed: 9403513121866162502 (custom seed)

182 hikkokomori the Firebug (level 5, -1/45 HPs)
             Began as a Draconian Fire Elementalist on Oct 23, 2022.
             Slain by an orc
             ... wielding a +1 dagger of freezing
              (5 damage)
             ... on level 3 of the Dungeon.
             The game lasted 00:09:19 (3427 turns).

hikkokomori the Firebug (DrFE)                      Turns: 3427, Time: 00:09:20

Health: -1/45      AC:  5    Str: 10    XL:     5   Next: 35%
Magic:  8/8        EV: 12    Int: 17    God:
Gold:   126        SH:  0    Dex: 12    Spells: 5/8 levels left

rFire   . . .      SeeInvis .   c - +0 dagger
rCold   . . .      Faith    .   (no shield)
rNeg    . . .      Spirit   .   (armour unavailable)
rPois   .          Reflect  .   (helmet restricted)
rElec   .          Harm     .   (no cloak)
rCorr   .          Rampage  .   (no gloves)
Will    .....                   (no boots)
Stlth   +++.......              (no amulet)
HPRegen 0.15/turn               (no ring)
MPRegen 0.11/turn               (no ring)

@: weak-willed, slowed, unable to read, very slow
A: AC +5, unfitting armour, cold-blooded, camouflage 1, inability to read while
threatened
a: no special abilities


You were on level 3 of the Dungeon.
You visited 1 branch of the dungeon, and saw 3 of its levels.

You collected 126 gold pieces.

Inventory:

Hand Weapons
 a - a +0 whip
 c - a +0 dagger (weapon)
Missiles
 e - a throwing net
 l - 2 poisoned darts
Armour
 h - a +1 cloak
Scrolls
 b - a scroll of noise {unknown}
 j - a scroll of brand weapon {unknown}
 k - a scroll of magic mapping
Potions
 f - a potion of ambrosia
 n - a potion of mutation


   Skills:
 + Level 3.0 Fighting
 - Level 1.7 Dodging
 - Level 1.7 Stealth
 - Level 2.0 Spellcasting
 - Level 3.1 Conjurations
 + Level 0.0 Translocations
 + Level 4.2 Fire Magic


You had 5 spell levels left.
You knew the following spells:

 Your Spells              Type           Power      Damage    Failure   Level
a - Foxfire               Conj/Fire      56%        2x1d6     4%          1
b - Blink                 Tloc           2%         N/A       28%         2

Your spell library contained the following spells:

 Spells                   Type           Power      Damage    Failure   Level
 Scorch                   Fire           32%        2d7       4%          2
 Conjure Flame            Conj/Fire      14%        6-21      13%         3
 Slow                     Hex            4%         N/A       19%         1
 Inner Flame              Hex/Fire       8%         N/A       24%         3
 Flame Wave               Conj/Fire      14%        2d6       38%         4
 Confusing Touch          Hex            1%         N/A       50%         3
 Lesser Beckoning         Tloc           1%         N/A       50%         3
 Vampiric Draining        Necr           1%         2d6       50%         3
 Manifold Assault         Tloc           1%         N/A       99%         5


Dungeon Overview and Level Annotations

Branches:
Dungeon (3/15)

Altars:

Shops:
D:1 !


Innate Abilities, Weirdness & Mutations

Your plain brown scales are hard. (AC +5)
You cannot fit into any form of body armour.
You are cold-blooded and may be slowed by cold attacks.
Your skin changes colour to match your surroundings (Stealth+).
You sometimes lose the ability to read scrolls when taking damage.


Message History

You are no longer poisoned.
Unknown command.
You cannot read scrolls in your current state!
It was a potion of curing.
You feel better.
You can read scrolls again.
The adder closely misses you.
As you read the scroll labelled ADITSI QAFAALI, it crumbles to dust.
Magic quickly surges around you.
It was a scroll of vulnerability.
The adder barely misses you.
The orc priest calls upon Beogh to heal the orc.
The orc's wounds heal themselves!
The adder barely misses you.
As you read the scroll labelled NYHULE DIQAXAS, it crumbles to dust.
It is a scroll of amnesia.
Really abort (and waste the scroll)?
Okay, then.
The orc priest calls down the wrath of Beogh upon you.
Beogh smites you!
You feel threatened and lose the ability to read scrolls!
The adder bites you.
* * * LOW HITPOINT WARNING * * *
The orc hits you but does no damage.
You cannot read scrolls in your current state!
Unknown command.
You hit the orc.
You tail-slap the orc, but do no damage.
The orc is lightly wounded.
The adder barely misses you.
The orc hits you with a +1 dagger of freezing.
* * * LOW HITPOINT WARNING * * *
You feel yourself slow down. The orc freezes you.
* * * LOW HITPOINT WARNING * * *
Unknown command.
You hit the orc.
The orc is moderately wounded.
The adder bites you.
* * * LOW HITPOINT WARNING * * *
The orc priest calls upon Beogh to heal the orc.
The orc's wounds heal themselves!
The adder closely misses you.
The orc hits you with a +1 dagger of freezing.
You die...

#......####
#......####
#.........#
#......##.#
###o#....# #
##.o###..##
##.†## ##..#
#oS..# ....
#@#...# .#..#
####.....###..#
#S_.## #.#
....# .# .#S..#
###... #.


You could see 2 orc priests, an adder (weak-willed) and an orc (weak-willed).

Vanquished Creatures
  A centaur zombie (D:3)
  7 gnolls
  3 adders (D:2)
  2 worms (D:2)
  A dart slug (D:1)
  6 endoplasms
  2 giant cockroaches (D:1)
  4 goblins
  4 hobgoblins
  3 jackals (D:1)
  6 kobolds
  5 ball pythons
  3 bats
  A frilled lizard (D:1)
  3 rats
51 creatures vanquished.

Vanquished Creatures (others)
  67 foxfires
67 creatures vanquished.

Grand Total: 118 creatures vanquished

Notes
Turn   | Place    | Note
-------+----------+-------------------------------------------
     0 | D:1      | hikkokomori the Draconian Fire Elementalist began the quest
                  | for the Orb.
     0 | D:1      | Reached XP level 1. HP: 14/14 MP: 3/3
   112 | D:1      | Reached XP level 2. HP: 9/22 MP: 3/5
   117 | D:1      | Reached skill level 1 in Fighting
   394 | D:1      | Found Wirodosm's Distillery.
  1163 | D:2      | Reached XP level 3. HP: 27/28 MP: 6/6
  1815 | D:2      | Gained mutation: You sometimes lose the ability to read
                  | scrolls when taking damage. [potion of mutation]
  1815 | D:2      | Gained mutation: Your skin changes colour to match your
                  | surroundings (Stealth+). [potion of mutation]
  1819 | D:2      | Reached XP level 4. HP: 34/36 MP: 1/7
  2738 | D:3      | Reached skill level 4 in Fire Magic
  2876 | D:3      | Reached XP level 5. HP: 34/44 MP: 8/8
  2918 | D:3      | Learned a level 2 spell: Blink
  3420 | D:3      | Found a faded altar of an unknown god.
  3427 | D:3      | Slain by an orc

Illustrated notes

Levels and vault maps discovered:
D:1:      roderic_dead_forest, layout_basic, serial_shops, shop
D:2:      layout_loops_cross, minmay_split_cup_large
D:3:      layout_rooms, nicolae_ecumenical_snake_handling

Skill      XL: |  1  2  3  4  5 |
---------------+----------------+-----
Fighting       | 1 2 3 |  3.0
Conjurations   | 2 3 |  3.1
Fire Magic     | 4 |  4.2
Dodging        | |  1.7
Stealth        | |  1.7
Spellcasting   | |  2.0

Action                   |  1- 3 |  4- 6 || total
-------------------------+-------+-------++-------
Melee: Whip              |    23 |       ||    23
       Tailslap          |    15 |     9 ||    24
       Unarmed           |     6 |       ||     6
       Dagger            |    94 |    76 ||   170
       Punch             |       |     1 ||     1
 Cast: Foxfire           |    20 |    21 ||    41
  Use: Scroll            |     3 |     4 ||     7
       Potion            |     3 |     1 ||     4
 Stab: Sleeping          |     2 |     2 ||     4
Armor: Skin              |    41 |    33 ||    74
Dodge: Dodged            |   108 |    74 ||   182
